 Dungeon Crawl Stone Soup version 0.20.1-1-g8b1a95d (webtiles) character file.

105 Irenicus the Insei (level 4, -5/40 HPs)
             Began as a Deep Dwarf Monk on Oct 19, 2017.
             Slain by a hippogriff (6 damage)
             ... on level 3 of the Dungeon.
             The game lasted 00:04:15 (1795 turns).

Irenicus the Insei (Deep Dwarf Monk)                Turns: 1795, Time: 00:04:16

Health: -5/40      AC:  5    Str: 15    XL:     4   Next: 54%
Magic:  3/3        EV: 14    Int: 10    God:
Gold:   135        SH:  0    Dex: 16    Spells: 3/3 levels left

rFire    . . .     SeeInvis .     - Unarmed
rCold    + . .     Gourm    .   (no shield)
rNeg     . . .     Faith    .   a - +0 robe
rPois    .         Spirit   .   (no helmet)
rElec    .         Reflect  .   (no cloak)
rCorr    .         Harm     .   n - +2 pair of gloves
MR       .....                  (no boots)
Stlth    +++.......             (no amulet)
Regen    0.0/turn               l - ring of stealth
MPRegen  0.1/turn               u - ring of protection from cold

@: non-regenerating
A: damage resistance, heal wounds, sense surroundings 1, no regeneration
a: Heal Wounds


You were on level 3 of the Dungeon.
You were hungry.

You visited 1 branch of the dungeon, and saw 3 of its levels.

You collected 135 gold pieces.

Inventory:

Hand Weapons
 m - a +2 hunting sling of flaming
Missiles
 q - 64 stones (quivered)
Armour
 a - a +0 robe (worn)
 g - a +0 plate armour
 n - a +2 pair of gloves (worn)
Jewellery
 l - a ring of stealth (left hand)
 u - a ring of protection from cold (right hand)
Wands
 w - a wand of random effects (13/48)
Scrolls
 c - 3 scrolls of teleportation {unknown}
 d - a scroll of remove curse {unknown}
 e - a scroll of identify {unknown}
 h - 2 scrolls of recharging {unknown}
 o - a scroll of enchant armour {unknown}
 r - a scroll of fear {unknown}
 s - 2 scrolls of noise {unknown}
Potions
 f - 2 potions of flight {unknown}
 i - a potion of ambrosia {unknown}
 j - a potion of magic {unknown}
 k - 2 potions of lignification {unknown}
 p - a potion of curing {unknown}
 v - a potion of cancellation {unknown}
Comestibles
 b - a bread ration
 t - 2 fruits


   Skills:
 - Level 2.6 Fighting
 + Level 1.4 Slings
 - Level 3.2 Dodging
 - Level 2.4 Stealth
 + Level 4.6 Unarmed Combat


You had 3 spell levels left.
You didn't know any spells.

Dungeon Overview and Level Annotations

Branches:
Dungeon (3/15)

Altars:
Okawaru


Innate Abilities, Weirdness & Mutations

You are resistant to damage.
You can heal yourself by infusing magical energy.
You passively map a small area around you.
You do not regenerate.


Message History

Evoking this partially-identified wand wasted a few charges.
You hear an angry hiss.
The hippogriff barely misses you. x2; The hippogriff claws you.
You hit the hippogriff.
The hippogriff is moderately wounded.
The hippogriff completely misses you.
The hippogriff pecks you but does no damage.
The hippogriff claws you!
You punch the hippogriff!
The hippogriff is heavily wounded.
The hippogriff bites you!
* * * LOW HITPOINT WARNING * * *
The hippogriff pecks you.
* * * LOW HITPOINT WARNING * * *
The hippogriff claws you.
* * * LOW HITPOINT WARNING * * *
You fail to use your ability.
The hippogriff bites you!
* * * LOW HITPOINT WARNING * * *
The hippogriff pecks you!
You die...

* * ######* .# , ,
...............###.###
........###...........
#...#...............#
####...#..........##...#
........>..#...#....... ,
...........#........#,.#
, ......H............)#
>#
......g@)..........)#..#
..........#.(..#.##)#...
,
.........†#.........#.##
,...............#..#.....
#.######..#.....†..)....
, .,, ,
...........<..#..# * ,* ,
###..#.........#... *
#.....#.#.#..#..# ,, ,
..##.##.#.#)## .#


You could see a hippogriff and a goblin.

Vanquished Creatures
  3 gnolls (D:2)
  An adder (D:2)
  2 dart slugs
  A leopard gecko (D:1)
  8 orcs (D:3)
  A giant cockroach (D:1)
  6 hobgoblins
  9 kobolds
  A quokka (D:2)
  6 bats
  4 frilled lizards
  6 goblins
  6 rats (D:1)
54 creatures vanquished.

Notes
Turn   | Place    | Note
-------+----------+-------------------------------------------
     0 | D:1      | Irenicus the Deep Dwarf Monk began the quest for the Orb.
     0 | D:1      | Reached XP level 1. HP: 20/20 MP: 1/1
   103 | D:1      | Reached skill level 3 in Unarmed Combat
   142 | D:1      | Reached XP level 2. HP: 21/27 MP: 2/2
   487 | D:1      | Reached XP level 3. HP: 9/33 MP: 3/3
  1124 | D:2      | Reached skill level 4 in Unarmed Combat
  1295 | D:2      | Found an iron altar of Okawaru.
  1434 | D:2      | Reached XP level 4. HP: 13/40 MP: 3/3
  1500 | D:2      | Reached skill level 1 in Slings
  1785 | D:3      | Noticed a hippogriff
  1795 | D:3      | HP: 1/40 [hippogriff (5)]
  1795 | D:3      | Slain by a hippogriff

Skill      XL: |  1  2  3  4 |
---------------+-------------+-----
Unarmed Combat | 3 4 |  4.6
Slings         | 1 |  1.4
Fighting       | |  2.6
Dodging        | |  3.2
Stealth        | |  2.4

Action                   |  1- 3 |  4- 6 || total
-------------------------+-------+-------++-------
Melee: Unarmed           |   118 |    31 ||   149
       Punch             |     1 |     1 ||     2
 Fire: Hunting sling     |    28 |     8 ||    36
 Abil: Heal Wounds       |     1 |     1 ||     2
Evoke: Wand              |       |     1 ||     1
 Stab: Sleeping          |       |     2 ||     2
  Eat: Chunk             |     2 |       ||     2
Armor: Robe              |     9 |     8 ||    17
       Plate armour      |    24 |       ||    24
Dodge: Dodged            |    74 |    22 ||    96
